 Dungeon Crawl Stone Soup version 0.22.0-40-g68aacdc (webtiles) character file.

320 shadizar the Firebug (level 6, -2/36 HPs)
             Began as a Gargoyle Fire Elementalist on Sept 2, 2018.
             Slain by a gnoll sergeant
             ... wielding a +0 trident
              (3 damage)
             ... on level 4 of the Dungeon.
             The game lasted 00:11:23 (3778 turns).

shadizar the Firebug (Gargoyle Fire Elementalist)   Turns: 3778, Time: 00:11:24

Health: -2/36      AC:  8    Str: 12    XL:     6   Next: 46%
Magic:  0/10       EV: 11    Int: 17    God:
Gold:   215        SH:  0    Dex: 10    Spells: 3/11 levels left

rFire    . . .     SeeInvis .   i - +0 mace
rCold    . . .     Gourm    .   (no shield)
rNeg     + . .     Faith    .   a - +0 robe
rPois    ∞         Spirit   .   (no helmet)
rElec    +         Reflect  .   (no cloak)
rCorr    .         Harm     .   r - +0 pair of gloves
MR       .....                  m - +0 pair of boots
Stlth    ++........             (no amulet)
HPRegen  0.12/turn              (no ring)
MPRegen  0.12/turn              (no ring)

@: very slightly contaminated, heavily drained
A: negative energy resistance 1, electricity resistance, unbreathing,
petrification resistance, rot immunity, AC +4
a: no special abilities


You were on level 4 of the Dungeon.
You were not hungry.

You visited 1 branch of the dungeon, and saw 5 of its levels.

You collected 215 gold pieces.

Inventory:

Hand Weapons
 f - a +0 whip
 i - a +0 mace (weapon)
 w - a +1 war axe of electrocution
Missiles
 q - 116 stones (quivered)
 x - 5 tomahawks of returning
Armour
 a - a +0 robe (worn)
 m - a +0 pair of boots (worn)
 p - a +0 leather armour
 r - a +0 pair of gloves (worn)
 A - a +0 leather armour of cold resistance
Jewellery
 d - an uncursed amulet of harm
Scrolls
 b - 3 scrolls of remove curse {unknown}
 e - 5 scrolls of teleportation {unknown}
 g - 3 scrolls of enchant weapon {unknown}
 k - 2 scrolls of noise {unknown}
 l - a scroll of fear {unknown}
 n - a scroll of enchant armour {unknown}
 s - 2 scrolls of immolation {unknown}
 u - 2 scrolls of fog {unknown}
 v - 4 scrolls of identify {unknown}
 y - a scroll of amnesia {unknown}
 B - a scroll of blinking {unknown}
Potions
 h - 2 potions of agility {unknown}
 j - a potion of heal wounds {unknown}
 o - 2 potions of curing {unknown}
 t - 2 potions of haste {unknown}
 z - a potion of might {unknown}
Comestibles
 c - 6 rations
 C - 3 chunks of flesh


   Skills:
 + Level 2.7(1.6) Fighting
 - Level 1.5(0.4) Dodging
 + Level 3.9(2.7) Stealth
 + Level 3.2(2.1) Spellcasting
 + Level 3.1(1.9) Conjurations
 + Level 4.1(2.9) Fire Magic


You had 3 spell levels left.
You knew the following spells:

 Your Spells              Type           Power        Failure   Level  Hunger
a - Flame Tongue          Conj/Fire      ##...        7%          1    #......
b - Conjure Flame         Conj/Fire      ##......     22%         3    ###....
c - Sticky Flame          Conj/Fire      ##......     56%         4    #####..

Your spell library contained the following spells:

 Spells                   Type           Power        Failure   Level  Hunger
 Throw Flame              Conj/Fire      ##....       11%         2    ###....
 Inner Flame              Hex/Fire       #.......     32%         3    ###....
 Fireball                 Conj/Fire      ##........   89%         5    ######.


Dungeon Overview and Level Annotations

Branches:
Dungeon (5/15)
 Temple: D:4-7

Altars:
Cheibriados
Fedhas
Gozag
The Shining One

Shops:
D:4 %

Annotations:
D:2 Sigmund
D:5 Eustachio


Innate Abilities, Weirdness & Mutations

You are resistant to torment.
Your stone body is resilient. (AC +4)
You are immune to poison.
You resist negative energy. (rN+)
You are resistant to electric shocks. (rElec)
You can survive without breathing.
You are immune to petrification.
You are immune to rotting.


Message History

* * * LOW HITPOINT WARNING * * *
Casting: Flame Tongue (safe; 7% risk of failure)
Confirm with . or Enter, or press ? or * to list all spells.
Aiming: Flame Tongue (safe; 7% risk of failure)
Press: ? - help, Shift-Dir - straight line, f/p - gnoll sergeant
Aim: a gnoll sergeant, wielding a trident and wearing a ring mail (severely wounded)
The flame tongue hits the gnoll sergeant.
The gnoll sergeant appears unharmed.
The gnoll sergeant is severely wounded.
The gnoll sergeant hits you with a trident.
* * * LOW HITPOINT WARNING * * *
Casting: Flame Tongue (safe; 7% risk of failure)
Confirm with . or Enter, or press ? or * to list all spells.
Aiming: Flame Tongue (safe; 7% risk of failure)
Press: ? - help, Shift-Dir - straight line, f/p - gnoll sergeant
Aim: a gnoll sergeant, wielding a trident and wearing a ring mail (severely wounded)
The flame tongue hits the gnoll sergeant.
The gnoll sergeant is almost dead.
The gnoll sergeant hits you with a trident.
You die...

.....######..........#### #.....#
....## #....#........###.....#
.....# ##....##)...##.........#
.#.#.## #...<.##....######.....#
......####.....##.....# #.....#
###........##.#####...## #.....#
###..................####.....#
#####.###..#.######......####.###
................@g......## #.#
#####....#.#########.##.## #.#
##.......#.# #.......# #.#
##.........# #.......# #.#
...........### #.......# #.#
##.......#...# ##.......# #.##
##.†.......#.####........# #..#
.#......##.#..#..........# ##.#
.........#.##...##.......# #.#


You could see a gnoll sergeant.

Vanquished Creatures
  An orc priest (D:3)
  4 orc wizards
  4 adders
  4 gnolls (D:5)
  An ooze (D:3)
  3 worms
  13 orcs
  7 bats
  7 giant cockroaches
  7 goblins
  7 hobgoblins
  5 kobolds
  3 quokkas
  A ball python (D:1)
  3 frilled lizards
  7 rats (D:1)
77 creatures vanquished.

Notes
Turn   | Place    | Note
-------+----------+-------------------------------------------
     0 | D:1      | shadizar the Gargoyle Fire Elementalist began the quest for the Orb.
     0 | D:1      | Reached XP level 1. HP: 10/10 MP: 3/3
   313 | D:1      | Reached XP level 2. HP: 12/16 MP: 0/5
   649 | D:1      | Reached skill level 1 in Fighting
   838 | D:1      | Reached XP level 3. HP: 20/20 MP: 4/6
   978 | D:2      | Noticed an ogre
  1091 | D:2      | Found a blossoming altar of Fedhas.
  1092 | D:2      | Found an opulent altar of Gozag.
  1092 | D:2      | Found a snail-covered altar of Cheibriados.
  1092 | D:2      | Found a glowing golden altar of the Shining One.
  1165 | D:2      | Noticed Sigmund
  1196 | D:2      | Learned a level 3 spell: Conjure Flame
  1407 | D:3      | Reached XP level 4. HP: 25/25 MP: 3/7
  1600 | D:3      | Learned a level 4 spell: Sticky Flame
  1728 | D:3      | Reached XP level 5. HP: 21/30 MP: 0/9
  2141 | D:3      | Reached XP level 6. HP: 36/36 MP: 3/10
  3139 | D:4      | Reached skill level 4 in Fire Magic
  3413 | D:4      | Found Lagikkusm's Food Shoppe.
  3493 | D:5      | Entered Level 5 of the Dungeon
  3493 | D:5      | Noticed Eustachio
  3777 | D:4      | HP: 1/36 [gnoll sergeant/trident (4)]
  3778 | D:4      | Slain by a gnoll sergeant

Skill      XL: |  1  2  3  4  5  6 |
---------------+-------------------+-----
Fighting       | 1 2 |  2.7
Conjurations   | 2 3 |  3.1
Stealth        | 3 |  3.9
Spellcasting   | 3 |  3.2
Fire Magic     | 4 |  4.1
Dodging        | |  1.5

Action                   |  1- 3 |  4- 6 || total
-------------------------+-------+-------++-------
Melee: Whip              |    86 |       ||    86
       Unarmed           |    11 |       ||    11
       Mace              |       |   110 ||   110
 Cast: Flame Tongue      |    38 |    80 ||   118
       Conjure Flame     |       |     2 ||     2
 Stab: Sleeping          |     1 |     1 ||     2
  Eat: Chunk             |     2 |     9 ||    11
Armor: Robe              |    46 |    68 ||   114
Dodge: Dodged            |    66 |    86 ||   152
